 Dungeon Crawl Stone Soup version 0.30-a0-457-g4b7bca3bfa (webtiles) character file.

Game seed: 17300595990064313047

138 avis the Chiller (level 4, -13/36 HPs)
             Began as a Demigod Ice Elementalist on Dec 12, 2022.
             Mangled by Menkaure (21 damage)
             ... on level 3 of the Dungeon on Dec 13, 2022.
             The game lasted 00:15:25 (2662 turns).

avis the Chiller (Demigod Ice Elementalist)         Turns: 2662, Time: 00:15:29

Health: -13/36     AC:  3    Str:  7 (9)  XL:     4   Next: 70%
Magic:  8/10       EV: 12    Int: 16 (17) God:
Gold:   211        SH:  0    Dex: 17 (18) Spells: 1/8 levels left

rFire   . . .      SeeInvis .    b - +0 shortbow
rCold   . . .      Faith    .    (shield currently unavailable)
rNeg    . . .      Spirit   .    d - +0 robe
rPois   .          Reflect  .    (no helmet)
rElec   .          Harm     .    (no cloak)
rCorr   .          Rampage  .    h - +0 pair of gloves
Will    .....                    (no boots)
Stlth   ++........               z - amulet of magic regeneration
HPRegen 0.26/turn                (no ring)
MPRegen 0.52/turn                (no ring)

@: no status effects
A: high MP 1, forlorn, divine attributes
a: no special abilities


You were on level 3 of the Dungeon.
You visited 1 branch of the dungeon, and saw 4 of its levels.

You collected 211 gold pieces.

Inventory:

Hand Weapons
 a - a +0 dagger
 b - a +0 shortbow (weapon)
 j - a +0 sling
 p - a +1 spear of venom
 q - a +0 spear of flaming
Armour
 d - a +0 robe (worn)
 h - a +0 pair of gloves (worn)
 r - a +0 buckler
Magical Staves
 n - a staff of death
Jewellery
 c - a ring of fire
 z - an amulet of magic regeneration (around neck)
Wands
 o - a wand of digging (4)
 A - a wand of light (9)
 C - a wand of polymorph (8)
Scrolls
 k - a scroll of noise {unknown}
 m - a scroll of enchant armour {unknown}
 t - 2 scrolls of teleportation {unknown}
 v - 2 scrolls of blinking {unknown}
 w - a scroll of silence {unknown}
 y - a scroll of fog {unknown}
 B - a scroll of vulnerability {unknown}
Potions
 g - 2 potions of magic
 i - a potion of resistance {unknown}
 l - a potion of brilliance {unknown}
 s - a potion of heal wounds {unknown}
 u - a potion of attraction {unknown}
 x - a potion of flight {unknown}
 D - a potion of ambrosia {unknown}


   Skills:
 - Level 2.0 Fighting
 - Level 1.7 Dodging
 - Level 1.7 Stealth
 - Level 2.5 Spellcasting
 * Level 4.9 Ice Magic


You had one spell level left.
You knew the following spells:

 Your Spells              Type           Power      Damage    Failure   Level
a - Freeze                Ice            68%        1d8       2%          1
o - Ozocubu's Armour      Ice            17%        N/A       8%          3
r - Frozen Ramparts       Ice            34%        1d6       8%          3

Your spell library contained the following spells:

 Spells                   Type           Power      Damage    Failure   Level
 Hailstorm                Conj/Ice       9%         3d4       22%         3
 Tukima's Dance           Hex            2%         N/A       52%         3
 Ice Form                 Ice/Tmut       9%         N/A       58%         4
 Summon Ice Beast         Ice/Summ       9%         N/A       58%         4
 Passage of Golubria      Tloc           2%         N/A       89%         4
 Yara's Violent Unravell  Hex/Tmut       1%         3d3       99%         5
 Simulacrum               Ice/Necr       4%         N/A       100%        6


Dungeon Overview and Level Annotations

Branches:
Dungeon (4/15)
 Temple: D:4-7

Annotations:
D:3 Menkaure


Innate Abilities, Weirdness & Mutations

You have an increased reservoir of magic. (+10% MP)
You shall have no god before yourself.
Your divine heritage dramatically boosts your attributes as you level up.


Message History

You see here a +0 chain mail.
Things that are here:
2 stones; a +0 whip
There is a stone staircase leading down here.
You climb downwards.
Menkaure shouts!
The orc shouts!
The orc priest shouts!
You hear a shout!
You hear an angry hiss.
Menkaure gestures wildly while chanting.
Menkaure seems to speed up.
Found 15 gold pieces.
An orc wizard comes into view. It is wielding a +0 dagger.
There is a stone staircase leading up here.
Menkaure gestures at you while chanting.
You barely resist. The orc barely misses you.
You climb upwards.
There is a stone staircase leading down here.
The orc hits you with a +0 hand axe. Menkaure attacks as you move away!
Menkaure hits you!!
Ouch! That really hurt!
Menkaure closely misses you.
Menkaure calls on the powers of darkness!
Your body is wracked with pain!
* * * LOW HITPOINT WARNING * * *
Casting: Frozen Ramparts (dangerous; 8% risk of failure)
Confirm with . or Enter, or press ? or * to list all spells.
A film of ice covers your body!
Casting: Ozocubu's Armour (dangerous; 8% risk of failure)
Confirm with . or Enter, or press ? or * to list all spells.
Okay, then.
It was a potion of degeneration.
There was something very wrong with that liquid.
You feel weakened.
You feel dopey.
You feel clumsy. Menkaure closely misses you.
It was a potion of cancellation.
Your magical effects are unravelling.
You feel magically purged.
Your icy armour evaporates.
Menkaure completely misses you. Menkaure hits you!!
Ouch! That really hurt!
You die...

......####..........#
...>..# ###........#
..(..[######.###(...#
......))[....# #....#
....########## #.>..#
...##### ##.###
......)# #o.#
#.####.## #M## #..#
#..### #@# ##.#
##...### #.# ##.#
###...####.##### .#.#
###..........# ...#
##.........# ...#
#.........# .###
#.........# .#
#.........# ##
#.........#


You could see Menkaure (fast) and an orc.

Vanquished Creatures
  An orc priest (D:3)
  3 adders (D:3)
  A worm (D:3)
  2 orcs (D:3)
  6 ball pythons
  5 bats
  4 endoplasms
  2 giant cockroaches (D:1)
  8 goblins
  8 hobgoblins
  4 jackals (D:3)
  5 quokkas
  3 frilled lizards
  10 kobolds
  12 rats
74 creatures vanquished.

Vanquished Creatures (others)
  3 plants (D:3)
3 creatures vanquished.

Grand Total: 77 creatures vanquished

Notes
Turn   | Place    | Note
-------+----------+-------------------------------------------
     0 | D:1      | avis the Demigod Ice Elementalist began the quest for the
                  | Orb.
     0 | D:1      | Reached XP level 1. HP: 14/14 MP: 5/5
   157 | D:1      | Reached skill level 4 in Ice Magic
   220 | D:1      | Reached XP level 2. HP: 14/20 MP: 1/7
   409 | D:1      | Reached skill level 1 in Fighting
  1028 | D:2      | Reached XP level 3. HP: 28/28 MP: 9/9
  1255 | D:2      | Learned a level 3 spell: Frozen Ramparts
  1259 | D:2      | Learned a level 3 spell: Ozocubu's Armour
  2010 | D:3      | Reached XP level 4. HP: 36/36 MP: 10/10
  2653 | D:4      | Noticed Menkaure
  2662 | D:3      | Mangled by Menkaure

Illustrated notes

Levels and vault maps discovered:
D:1:      minmay_arrival_four_circles, layout_basic,
          chequers_ecumenical_altar_simple_redux
D:2:      layout_basic, serial_rivers, chequers_serial_rivers_micro_d,
          chequers_serial_rivers_small_b, chequers_serial_rivers_micro_a,
          chequers_serial_rivers_small_b, chequers_serial_rivers_micro_b,
          chequers_serial_rivers_micro_a, minmay_rat_gold_closets
D:3:      layout_rooms, minmay_shallow_snake_nest
D:4:      wad_crossroads, layout_basic, uniq_menkaure

Skill      XL: |  1  2  3 |
---------------+----------+-----
Ice Magic      | 4 |  4.9
Spellcasting   | 2 |  2.5
Fighting       | 1 2 |  2.0
Dodging        | |  1.7
Stealth        | |  1.7

Action                   |  1- 3 |  4- 6 || total
-------------------------+-------+-------++-------
Melee: Dagger            |     9 |       ||     9
 Fire: Shortbow          |    80 |    20 ||   100
 Cast: Freeze            |    22 |       ||    22
       Frozen Ramparts   |     4 |     1 ||     5
       Ozocubu's Armour  |     2 |     1 ||     3
  Use: Potion            |       |     2 ||     2
 Stab: Sleeping          |     2 |       ||     2
Armor: Robe              |    18 |     2 ||    20
Dodge: Dodged            |    41 |    13 ||    54

Table legend: (Time is in decaauts)
 A = Elapsed time spent in this place.
 B = Non-inter-level travel time spent in this place.
 C = Inter-level travel time spent in this place.
 D = Time resting spent in this place.
 E = Time spent auto-exploring this place.
 F = Levels seen in this place.
 G = Mean time per level.
                   A        B        C        D        E       F      G
               +--------+--------+--------+--------+--------+-----+--------+
         Total |   2724 |   2438 |    286 |    647 |   1145 |   4 |  681.0 |
       Dungeon |   2724 |   2438 |    286 |    647 |   1145 |   4 |  681.0 |
               +--------+--------+--------+--------+--------+-----+--------+

Top non-repeatable levels by time:
     D:1: 919 daAuts
     D:2: 903 daAuts
     D:3: 879 daAuts
     D:4: 22 daAuts
